Map: Royal Blood LE

Players

Bloodrunes

  • Race: Terran Terran
  • League: Gold
  • Spawn Location: 1:00

Colde - Winner!

  • Race: Terran Terran
  • League: Silver
  • Spawn Location: 7:00

VOD

Have the link to the VOD?

Description

Time

  • Played on: April 16, 2023, 11:10 p.m.
  • Length: 11:07
Show
View Real Time Build Order
Export as new Build Order

Bloodrunes Terran 

Build Orders: Mech 

Get SALT Encoding   

  12  0:00  SCV  
  13  0:12  SCV  
  14  0:18  Supply Depot  
  14  0:24  SCV  
  15  0:39  SCV  
  15  0:42  Barracks  
  16  0:45  Refinery  
  16  0:51  SCV  
  17  1:03  SCV  
  18  1:15  SCV  
  19  1:29  Orbital Command  
  19  1:31  Barracks Reactor  
  19  1:45  Command Center  
  19  2:01  SCV  
  19  2:07  Marine x2  
  22  2:09  Supply Depot  
  22  2:15  SCV  
  23  2:28  Barracks  
  23  2:30  Barracks  
  23  2:31  SCV  
  23  2:33  Marine  
  23  2:34  Marine  
  26  2:43  SCV  
  27  3:01  Marine x2, Orbital Command  
  27  3:03  SCV  
  30  3:12  Refinery  
  30  3:15  SCV  
  30  3:18  Marine  
  30  3:19  Marine, Barracks Tech Lab x2  
  30  3:47  Marine x4  
  34  3:49  Stimpack, Combat Shield  
  34  3:56  SCV x2  
  36  4:03  Factory  
  36  4:06  Supply Depot  
  36  4:08  SCV x2  
  38  4:11  Marine x4  
  42  4:20  SCV x2  
  43  4:36  Supply Depot  
  43  4:39  Engineering Bay  
  43  4:43  SCV x2  
  45  4:47  Factory Reactor  
  45  4:48  Starport  
  45  4:55  SCV x2  
  45  4:59  Marine x3, Supply Depot  
  48  5:00  Marine  
  51  5:14  SCV x2  
  53  5:17  Marine x4  
  57  5:32  Factory Tech Lab, Medivac x2  
  57  5:35  Marine x4  
  62  5:38  SCV x2  
  67  5:44  Supply Depot  
  67  5:46  Terran Infantry Weapons Level 1  
  67  5:50  SCV x2  
  67  5:55  Marine  
  70  6:05  Marine x3  
  70  6:07  Supply Depot  
  73  6:13  Marine  
  74  6:23  Marine x3  
  74  6:24  Refinery  
  77  6:25  Refinery  
  77  6:31  Command Center  
  77  6:33  Siege Tank  
  77  6:37  Marine  
  81  6:40  Marine x3  
  81  6:42  Supply Depot  
  84  6:59  Factory x2  
  84  7:05  Siege Tank  
  67  7:38  Barracks x3  
  67  7:42  Engineering Bay, Terran Infantry Armor Level 1  
  67  7:43  Armory  
  67  7:47  Supply Depot  
  67  7:50  Factory Tech Lab  
  67  7:51  Factory Tech Lab  
  67  7:56  Medivac  
  67  7:57  Medivac  
  71  8:10  Supply Depot  
  71  8:24  Missile Turret  
  71  8:25  Missile Turret x2  
  71  8:26  Medivac x2  
  75  8:28  Missile Turret  
  75  8:36  Supply Depot  
  75  8:42  Barracks Tech Lab  
  75  8:47  Barracks Reactor  
  75  8:53  Barracks Reactor  
  75  8:59  Supply Depot  
  70  9:15  Barracks Reactor  
  43  10:02  Marine x2  
  43  10:03  Marine x5  
  50  10:20  Marine x6  
  50  10:21  Marine  
  57  10:38  Marine x7  
Show
View Real Time Build Order
Export as new Build Order

Colde Terran - Winner!

Build Orders: 1/1/1 

Get SALT Encoding   

  12  0:00  SCV  
  13  0:12  SCV  
  14  0:20  Supply Depot  
  14  0:28  SCV  
  15  0:32  Refinery  
  15  0:46  Barracks  
  15  0:48  SCV  
  16  1:00  SCV  
  16  1:01  Refinery  
  17  1:14  SCV  
  18  1:26  SCV  
  19  1:35  Factory  
  19  1:42  Supply Depot  
  19  1:44  SCV  
  20  1:48  Reaper  
  21  2:03  Orbital Command  
  21  2:20  Starport  
  22  2:22  Reaper  
  22  2:27  Factory Tech Lab  
  22  2:32  SCV  
  23  2:44  SCV  
  24  3:00  Medivac  
  26  3:05  Siege Tank  
  26  3:06  SCV  
  26  3:07  Barracks Tech Lab  
  30  3:18  SCV  
  31  3:47  Supply Depot  
  31  3:49  Supply Depot  
  31  3:51  Stimpack  
  31  3:58  Engineering Bay  
  31  3:59  Engineering Bay  
  31  4:09  Starport Reactor  
  31  4:10  Command Center  
  31  4:15  SCV  
  31  4:16  Barracks  
  32  4:34  Siege Tank  
  35  4:51  Medivac, Supply Depot  
  35  4:52  Medivac, Refinery  
  39  4:54  Marauder  
  41  5:14  Marine  
  42  5:15  Marine  
  41  5:22  Orbital Command  
  41  5:27  Terran Infantry Weapons Level 1, Terran Infantry Armor Level 1  
  41  5:30  SCV  
  41  5:33  Barracks Reactor  
  41  5:35  Marauder  
  44  5:49  Viking  
  46  5:56  Marauder  
  48  5:58  Siege Tank  
  48  6:03  SCV x2  
  53  6:09  Supply Depot  
  53  6:12  Supply Depot  
  53  6:14  Marine x2  
  53  6:17  Marine  
  56  6:22  Armory  
  56  6:27  Missile Turret  
  56  6:31  Viking  
  58  6:38  Marine x2, Marauder  
  62  6:42  SCV  
  62  6:43  SCV  
  64  6:56  Missile Turret  
  64  7:03  Refinery  
  54  7:27  SCV x2  
  56  7:39  SCV x2  
  56  7:43  Terran Infantry Armor Level 2, Terran Infantry Weapons Level 2  
  58  7:44  Marine x2  
  58  7:46  Viking  
  58  7:49  Marauder  
  64  7:58  Missile Turret  
  64  8:02  Marine x2  
  66  8:16  Siege Tank, Marauder  
  66  8:17  SCV  
  66  8:18  SCV  
  73  8:42  Marine x2  
  73  8:43  Marine  
  76  8:52  Siege Tank  
  79  8:58  Command Center  
  69  9:36  SCV x2  
  69  9:37  Marine x2  
  71  9:39  Siege Tank  
  71  9:40  Medivac x2  
  61  10:13  Medivac  
  61  10:14  Medivac  
  65  10:15  Marine x2, Marauder  
  65  10:16  Siege Tank  
  65  10:21  Planetary Fortress  
  72  10:26  Refinery  
  72  10:31  SCV x2  
  72  10:35  Sensor Tower  
Tags
 
Composition
Mech
Matchup
TvT
Opening
1/1/1
Race
Terran
Spawn Locations
Cross Positions
Add a new tag
Caveats
  • Supply blocks, unpowered buildings, or Contaminate may cause inaccurate times.
  • Supply counts are checked every 10 seconds.